 Dungeon Crawl Stone Soup version 0.27-a0-1136-g0b992a5a9d (webtiles) character file.

Game seed: 9835197308050478998

42 Kuinu the Sneak (level 3, -6/22 HPs)
             Began as a Kobold Brigand on May 4, 2021.
             Killed from afar by an orc wizard (9 damage)
             ... with a puff of flame
             ... on level 1 of the Dungeon.
             The game lasted 00:02:07 (1151 turns).

Kuinu the Sneak (Kobold Brigand)                    Turns: 1151, Time: 00:02:08

Health: -6/22      AC:  7    Str:  8    XL:     3   Next: 80%
Magic:  3/3        EV: 14    Int: 12    God:
Gold:   46         SH:  0    Dex: 17    Spells: 2/2 levels left

rFire    . . .     SeeInvis .   a - +2 dagger
rCold    . . .     Faith    .   (shield restricted)
rNeg     . . .     Spirit   .   b - +0 robe
rPois    .         Reflect  .   (no helmet)
rElec    .         Harm     .   c - +1 cloak
rCorr    .         Rampage  .   (no gloves)
Will     .....                  f - +2 pair of boots
Stlth    ++++......             (no amulet)
HPRegen  0.07/turn              (no ring)
MPRegen  0.08/turn              (no ring)

@: about to teleport
A: small, no large weapons, nightstalker 3
a: no special abilities


You were on level 1 of the Dungeon.
You visited 1 branch of the dungeon, and saw 2 of its levels.

You collected 46 gold pieces.

Inventory:

Hand Weapons
 a - a +2 dagger (weapon)
Missiles
 d - 8 poisoned darts (quivered)
 e - 2 curare-tipped darts
 g - a throwing net
Armour
 b - a +0 robe (worn)
 c - a +1 cloak (worn)
 f - a +2 pair of boots (worn)
 i - a +0 tower shield
Jewellery
 k - an amulet of magic regeneration
Scrolls
 j - a scroll of identify {unknown}


   Skills:
 * Level 2.8 Fighting
 * Level 3.6 Short Blades
 - Level 2.1 Throwing
 + Level 2.0 Dodging
 * Level 5.8 Stealth


You had 2 spell levels left.
You didn't know any spells.
Your spell library contained the following spells:

 Spells                   Type           Power      Damage    Failure   Level
 Magic Dart               Conj           0%         1d3       32%         1
 Searing Ray              Conj           0%         3d3       45%         2
 Dazzling Flash           Conj/Hex       0%         N/A       69%         3
 Fulminant Prism          Conj/Hex       0%         3d6       97%         4
 Iskenderun's Mystic Bla  Conj/Tloc      0%         2d3       97%         4


Dungeon Overview and Level Annotations

Branches:
Dungeon (2/15)

Altars:
Sif Muna


Innate Abilities, Weirdness & Mutations

You are small and have problems with some larger weapons.
You are completely attuned to the shadows.


Message History

You are too injured to fight recklessly!
You are too injured to fight recklessly!
You are too injured to fight recklessly!
You hit the orc wizard.
The orc wizard is heavily wounded.
The orc closely misses you. The orc wizard completely misses you.
You hit the orc wizard.
The orc wizard is severely wounded.
An orc comes into view. It is wielding a +0 dagger.
The orc hits you but does no damage.
You barely miss the orc wizard.
The orc wizard is severely wounded.
The orc wizard hits you with a +0 dagger.
The orc hits you with a +0 dagger.
* * * LOW HITPOINT WARNING * * *
The orc shouts!
There is a stone staircase leading up here.
The orc wizard barely misses you.
You climb upwards.
There is a stone staircase leading down here.
You hit the orc wizard but do no damage.
The orc wizard is severely wounded.
The orc wizard hits you but does no damage.
You hit the orc wizard but do no damage.
The orc wizard is severely wounded.
The orc wizard misses you.
You completely miss the orc wizard.
The orc wizard is severely wounded.
The orc wizard points at itself and mumbles some strange words.
The orc wizard flickers and vanishes!
Deactivating autopickup; reactivate with Ctrl-A.
You aren't carrying any potions.
You hit something but do no damage. Something hits you.
* * * LOW HITPOINT WARNING * * *
As you read the scroll labelled YZETTU OVVENEA, it crumbles to dust.
You feel strangely unstable.
It was a scroll of teleportation.
You hear some strange, mumbled words.
A puff of flame appears from out of thin air!
The puff of flame hits you!
You die...

....## ##.........##...##.#
.....###........####.####.####
.........................#...#
##.........###..........###..#
##.......## ##..###.###.#.#.#
#...<...# #..###.# ##)##.#
##.......## ##....#.#
####.####
##.........###.......# #......
................@#.### #.....)
.....###.......{.#.# ##..####
....## ##........#.# #...#?!(
....# #........#.# #...#!/?
....## ##........#.# #...#[$?
.....###.........#.# #...####
.................#.# #.......
.#...............#.# #.......
...###############.####
#.######


There were no monsters in sight!

Vanquished Creatures
  2 dart slugs (D:1)
  An orc (D:2)
  3 ball pythons
  2 endoplasms (D:1)
  A hobgoblin (D:1)
  6 jackals (D:1)
  3 quokkas
  5 bats
  A frilled lizard (D:2)
  4 goblins
  4 kobolds
  2 rats (D:1)
34 creatures vanquished.

Notes
Turn   | Place    | Note
-------+----------+-------------------------------------------
     0 | D:1      | Kuinu the Kobold Brigand began the quest for the Orb.
     0 | D:1      | Reached XP level 1. HP: 12/12 MP: 1/1
    74 | D:1      | Reached XP level 2. HP: 11/18 MP: 2/2
   622 | D:1      | Reached XP level 3. HP: 22/22 MP: 3/3
  1060 | D:2      | Found a shimmering blue altar of Sif Muna.
  1151 | D:1      | Killed from afar by an orc wizard

Illustrated notes

Levels and vault maps discovered:
D:1:      minmay_arrival_four_circles, layout_loops_ring, due_unseen_surprise
D:2:      layout_basic, basic_altar

Skill      XL: |  1  2  3 |
---------------+----------+-----
Short Blades   | 3 |  3.6
Dodging        | 2 |  2.0
Fighting       | |  2.8
Throwing       | |  2.1
Stealth        | |  5.8

Action                   || total
-------------------------++-------
Melee: Dagger            ||   103
  Use: Scroll            ||     2
 Stab: Sleeping          ||    17
Armor: Robe              ||    36
Dodge: Dodged            ||    73

Table legend: (Time is in decaauts)
 A = Elapsed time spent in this place.
 B = Non-inter-level travel time spent in this place.
 C = Inter-level travel time spent in this place.
 D = Time resting spent in this place.
 E = Time spent auto-exploring this place.
 F = Levels seen in this place.
 G = Mean time per level.
                   A        B        C        D        E       F      G
               +--------+--------+--------+--------+--------+-----+--------+
         Total |   1134 |   1129 |      5 |      0 |    921 |   2 |  567.0 |
       Dungeon |   1134 |   1129 |      5 |      0 |    921 |   2 |  567.0 |
               +--------+--------+--------+--------+--------+-----+--------+

Top non-repeatable levels by time:
     D:1: 996 daAuts
     D:2: 138 daAuts
